 Dungeon Crawl Stone Soup version 0.19.5 (webtiles) character file.

5740 Hybris the Bludgeoner (level 10, -3/115 HPs)
             Began as an Ogre Fighter on Apr 3, 2017.
             Was a Follower of Qazlal.
             Slain by a yak (15 damage)
             ... on level 10 of the Dungeon.
             The game lasted 00:22:45 (10171 turns).

Hybris the Bludgeoner (Ogre Fighter)               Turns: 10171, Time: 00:22:45

Health: -3/115     AC:  6    Str: 28 (31) XL:     10   Next: 77%
Magic:  11/11      EV: 10    Int: 10 (13) God:    Qazlal [*.....]
Gold:   412        SH:  5    Dex:  7 (9)  Spells: 0 memorised, 9 levels left

rFire  . . .     SeeInvis .     F - +2 dire flail (protect)
rCold  . . .     Gourm    .     I - +2 robe {MR+}
rNeg   . . .     Faith    .     (shield currently unavailable)
rPois  .         Spirit   .     (helmet restricted)
rElec  .         Reflect  +     d - +0 cloak
rCorr  .         Harm     .     (gloves unavailable)
MR     ++...                    (boots unavailable)
Stlth  +.........               o - +3 amulet of reflection
                                (no ring)
                                z - +6 ring of intelligence

@: mighty, lethally poisoned (-3 -> -108), very slightly contaminated, slowed,
drained, invisible, very slow
A: unfitting armour, tough skin 1
a: Renounce Religion


You were on level 10 of the Dungeon.
You worshipped Qazlal.
Qazlal was aware of your devotion.
You were hungry.

You visited 2 branches of the dungeon, and saw 11 of its levels.

You collected 538 gold pieces.
You spent 126 gold pieces at shops.

Inventory:

Hand Weapons
 b - a +2 flail of crushing
 y - a +2 flail of protection
 F - a +2 dire flail of protection (weapon)
Armour
 d - a +0 cloak (worn)
 G - +0 steam dragon scales
 I - a +2 robe of magic resistance (worn)
Jewellery
 o - a +3 amulet of reflection (around neck)
 z - a +6 ring of intelligence (left hand)
Wands
 A - a wand of iceblast (8/15)
 J - a wand of iceblast (4/15)
Scrolls
 e - a scroll of blinking {unknown}
 g - a scroll of enchant weapon {unknown}
 i - a scroll of noise {unknown}
 l - 7 scrolls of magic mapping
 m - 6 scrolls of identify
 n - a scroll of recharging
 r - 4 scrolls of teleportation
 s - 2 scrolls of immolation {unknown}
 u - 2 scrolls of remove curse
 C - a scroll of brand weapon {unknown}
 D - a scroll of random uselessness {unknown}
Potions
 a - a potion of resistance {unknown}
 h - a potion of agility
 j - a potion of degeneration
 k - 2 potions of heal wounds
 p - a potion of cure mutation {unknown}
 t - a potion of haste {unknown}
 v - 2 potions of mutation {unknown}
 w - 2 potions of lignification {unknown}
 x - 2 potions of invisibility
 B - 2 potions of might
 E - 2 potions of flight {unknown}
Books
 K - a book of Misfortune

   Spells                             Type                      Level
   a - Confusing Touch                Hexes                        1
   b - Confuse                        Hexes                        3
   c - Gell's Gravitas                Hexes/Translocation          3
   d - Petrify                        Transmutation/Earth          4
   e - Metabolic Englaciation         Hexes/Ice                    5
   f - Yara's Violent Unravelling     Hexes/Transmutation          5
 L - a book of Maledictions

   Spells                             Type                      Level
   a - Corona                         Hexes                        1
   b - Ensorcelled Hibernation        Hexes/Ice                    2
   c - Confuse                        Hexes                        3
   d - Tukima's Dance                 Hexes                        3
   e - Dazzling Spray                 Conjuration/Hexes            3
Comestibles
 f - 11 bread rations
 q - 6 meat rations


   Skills:
 + Level 12.1(11.9) Fighting
 - Level 15.6(15.3) Maces & Flails
 + Level 3.0(2.8) Dodging
   Level 2.6(2.4) Shields
 * Level 2.1(1.9) Invocations


You had 9 spell levels left.
You didn't know any spells.

Dungeon Overview and Level Annotations

Branches:
Dungeon (10/15)            Temple (1/1) D:7
   Lair: D:8-11         Orc: D:9-12

Altars:
Ashenzari
Cheibriados
Dithmenos
Elyvilon
Fedhas
Gozag
Hepliaklqana
Kikubaaqudgha
Makhleb
Nemelex Xobeh
Okawaru
Qazlal
Ru
Sif Muna
Trog
Uskayaw
Vehumet
Xom
Yredelemnul
Zin
The Shining One

Shops:
D:8 ?

Annotations:
D:10 Sonja


Innate Abilities, Weirdness & Mutations

You are too large for most types of armour.
You have tough skin. (AC +1)


Message History

Sonja hits you but does no damage.
You are more poisoned.
Sonja hits you but does no damage.
You are more poisoned.
The yak barely misses you.
It was a potion of degeneration.
There was something very wrong with that liquid.
You feel weakened.
You feel dopey.
You feel clumsy.
* * * LOW HITPOINT WARNING * * *
You feel extremely sick.
You hear a bellow!
Sonja barely misses you. Sonja hits you but does no damage.
You are more poisoned.
Sonja hits you but does no damage.
You are more poisoned.
Sonja hits you with an uncursed dagger of venom!
* * * LOW HITPOINT WARNING * * *
You are more poisoned.
Sonja barely misses you. You block Sonja's attack. The yak gores you!
You die... #.# #.# #.# #.# #T####### #CooY.o.C

#Y# #Y# #@# #K#
#.# #<# #.# #.#
#.# #.#
#############.#


You could see a hill giant, 2 yaks, a troll, Sonja and an orc warrior.

Vanquished Creatures
  Pikel (D:7)
  Prince Ribbit (D:7)
  A hippogriff (D:9)
  A spriggan (D:7)
  5 yaks
  2 hungry ghosts
  A basilisk (D:8)
  A steam dragon (D:9)
  Edmund (D:6)
  2 ice beasts
  A slave (D:7)
  2 orc warriors
  A black bear (D:4)
  2 phantoms
  An ogre (D:10)
  A necrophage (D:8)
  2 centaurs (D:6)
  A big kobold (D:7)
  Blork the orc (D:6)
  7 bullfrogs
  A water moccasin zombie (D:9)
  3 scorpions
  4 wights (D:6)
  2 vampire bats (D:5)
  An electric eel (D:6)
  7 crimson imps
  2 howler monkeys (D:10)
  A centaur zombie (D:8)
  6 orc priests
  Crazy Yiuf (D:3)
  6 hounds
  2 centaur skeletons (D:4)
  A bullfrog skeleton (D:4)
  An iguana (D:7)
  3 worker ants
  Ijyb (D:3)
  8 orc wizards
  A hound skeleton (D:7)
  3 gnolls (D:4)
  10 adders
  2 shadow imps
  An ooze (D:4)
  An adder zombie (D:5)
  3 worms (D:2)
  2 dart slugs
  2 leopard geckos
  33 orcs
  A ball python (D:5)
  12 bats
  7 giant cockroaches
  8 goblins
  9 hobgoblins
  12 jackals
  3 quokkas (D:6)
  2 frilled lizards
  A jackal zombie (D:5)
  16 kobolds
  6 rats
  A bush (D:2)
221 creatures vanquished.

Vanquished Creatures (others)
  2 slaves (D:7)
  A scorpion (D:7)
  A shadow imp (D:7)
  A leopard gecko (D:7)
  A quokka (D:7)
  A kobold (D:7)
7 creatures vanquished.

Grand Total: 228 creatures vanquished

Notes
Turn   | Place    | Note
-------+----------+-------------------------------------------
     0 | D:1      | Hybris the Ogre Fighter began the quest for the Orb.
     0 | D:1      | Reached XP level 1. HP: 24/24 MP: 1/1
   107 | D:1      | Reached skill level 3 in Maces & Flails
   110 | D:1      | Reached XP level 2. HP: 29/32 MP: 2/2
   247 | D:1      | Reached skill level 4 in Maces & Flails
   427 | D:1      | Reached XP level 3. HP: 40/40 MP: 3/3
   989 | D:2      | Reached XP level 4. HP: 45/49 MP: 4/4
  1194 | D:2      | Reached skill level 5 in Fighting
  1588 | D:2      | Reached skill level 5 in Maces & Flails
  1914 | D:2      | Found a shadowy altar of Dithmenos.
  2248 | D:3      | Reached XP level 5. HP: 27/57 MP: 5/5
  2844 | D:3      | Noticed Ijyb
  2856 | D:3      | Killed Ijyb
  2856 | D:3      | Reached skill level 6 in Maces & Flails
  3021 | D:3      | Reached XP level 6. HP: 43/67 MP: 6/6
  3256 | D:3      | Found a runed door.
  3386 | D:3      | Reached skill level 7 in Maces & Flails
  3987 | D:3      | Noticed Crazy Yiuf
  3993 | D:3      | Killed Crazy Yiuf
  4336 | D:4      | Noticed a black bear
  4342 | D:4      | Killed a black bear
  4342 | D:4      | Reached skill level 8 in Maces & Flails
  4342 | D:4      | Reached XP level 7. HP: 76/76 MP: 7/7
  4804 | D:4      | Reached skill level 9 in Maces & Flails
  5177 | D:5      | Entered Level 5 of the Dungeon
  5300 | D:5      | Reached XP level 8. HP: 87/88 MP: 8/8
  5397 | D:5      | Reached skill level 10 in Maces & Flails
  5688 | D:6      | Noticed Edmund
  5697 | D:6      | Reached skill level 11 in Maces & Flails
  6135 | D:6      | Reached XP level 9. HP: 18/98 MP: 9/9
  6597 | D:6      | Reached skill level 12 in Maces & Flails
  6773 | D:6      | Killed Edmund
  6935 | D:6      | Noticed Blork the orc
  6969 | D:6      | Killed Blork the orc
  7115 | D:6      | Reached skill level 10 in Fighting
  7447 | D:7      | Found a staircase to the Ecumenical Temple.
  7471 | Temple   | Entered the Ecumenical Temple
  7603 | Temple   | Became a worshipper of Qazlal Stormbringer
  7632 | D:7      | Reached skill level 13 in Maces & Flails
  7653 | D:7      | Noticed Pikel
  7663 | D:7      | Killed Pikel
  8051 | D:7      | Reached skill level 14 in Maces & Flails
  8248 | D:7      | Noticed Prince Ribbit
  8254 | D:7      | Killed Prince Ribbit
  8254 | D:7      | Reached XP level 10. HP: 109/113 MP: 10/10
  8692 | D:8      | Reached * piety under Qazlal
  9155 | D:8      | Found Omontush's Magic Scroll Shop.
  9158 | D:8      | Bought a scroll of enchant armour for 90 gold pieces
  9158 | D:8      | Bought a scroll of teleportation for 36 gold pieces
  9267 | D:9      | Reached skill level 15 in Maces & Flails
  9842 | D:9      | Found a white marble altar of Elyvilon.
 10096 | D:10     | Entered Level 10 of the Dungeon
 10134 | D:10     | Reached skill level 1 in Invocations
 10139 | D:10     | Noticed Sonja
 10150 | D:10     | Noticed a hill giant
 10171 | D:10     | Slain by a yak

Skill      XL: |  1  2  3  4  5  6  7  8  9 10 |
---------------+-------------------------------+-----
Maces & Flails | 3 4 5 6 8 9 11 14 15 | 15.6
Fighting       | 5 6 7 9 11 12 | 12.1
Invocations    | 2 |  2.1
Dodging        | 3 |  3.0
Shields        | |  2.6

Action                   |  1- 3 |  4- 6 |  7- 9 | 10-12 || total
-------------------------+-------+-------+-------+-------++-------
Melee: Flail             |    74 |   268 |   258 |       ||   600
       Dire flail        |       |       |   102 |   155 ||   257
  Use: Potion            |       |     1 |     1 |     6 ||     8
       Scroll            |       |       |     6 |     1 ||     7
 Stab: Sleeping          |       |       |     1 |       ||     1
  Eat: Chunk             |       |     9 |    16 |     5 ||    30
       Beef jerky        |       |     1 |       |     1 ||     2
Armor: Robe              |    20 |    61 |   136 |    50 ||   267
Dodge: Dodged            |    18 |    68 |   132 |    60 ||   278
Block: Shield            |    29 |    94 |   131 |       ||   254
       Other             |       |       |     3 |    16 ||    19
